 Dungeon Crawl Stone Soup version 0.30-a0-760-g5a9884bb7c (webtiles) character file.

Game seed: 8232204335528993227

318 bande the Covered (level 6, -1/38 HPs)
             Began as a Gargoyle Fighter on Feb 11, 2023.
             Slain by an ogre
             ... wielding a +0 giant club
              (20 damage)
             ... on level 5 of the Dungeon.
             The game lasted 00:05:49 (2184 turns).

bande the Covered (Gargoyle Fighter)                Turns: 2184, Time: 00:05:49

Health: -1/38      AC: 13    Str: 20    XL:     6   Next: 45%
Magic:  6/6        EV:  9    Int:  8    God:
Gold:   223        SH:  4    Dex: 11    Spells: 5/5 levels left

rFire   . . .      SeeInvis .    a - +1 war axe
rCold   . . .      Faith    .    c - +0 buckler
rNeg    + . .      Spirit   .    b - +0 scale mail
rPois   ∞          Reflect  .    l - +0 helmet
rElec   +          Harm     .    (no cloak)
rCorr   .          Rampage  .    (no gloves)
Will    .....                    o - +0 pair of boots Stlth
                                 (no amulet)
HPRegen 0.26/turn                k - ring of flight
MPRegen 0.10/turn                (no ring)

@: flying
A: sickness immunity, AC +4, negative energy resistance 1, electricity
resistance, torment resistance 1, petrification resistance
a: no special abilities


You were on level 5 of the Dungeon.
You visited 1 branch of the dungeon, and saw 5 of its levels.
You also visited: Sewer.

You collected 223 gold pieces.

Inventory:

Hand Weapons
 a - a +1 war axe (weapon)
Missiles
 e - a throwing net (quivered)
Armour
 b - a +0 scale mail (worn)
 c - a +0 buckler (worn)
 l - a +0 helmet (worn)
 o - a +0 pair of boots (worn)
Jewellery
 k - a ring of flight (left hand)
Wands
 q - a wand of flame (11)
Scrolls
 h - a scroll of amnesia
 j - a scroll of teleportation
 n - 2 scrolls of identify
 r - 2 scrolls of enchant armour {unknown}
Potions
 d - 2 potions of might
 f - 2 potions of haste
 g - a potion of cancellation
 i - 5 potions of curing
 m - a potion of invisibility
 p - a potion of berserk rage
 s - a potion of mutation {unknown}


   Skills:
 + Level 4.1 Fighting
 + Level 4.3 Axes
 + Level 4.3 Armour
 + Level 4.2 Shields
 * Level 1.1 Evocations


You had 5 spell levels left.
You didn't know any spells.
Your spell library contained the following spells:

 Spells                   Type           Power      Damage    Failure   Level
 Necrotise                Necr           0%         1d4       83%         1
 Vampiric Draining        Necr           0%         2d6       99%         3
 Agony                    Necr           0%         N/A       100%        5


Dungeon Overview and Level Annotations

Branches:
Dungeon (6/15)              Sewer (visited)
 Temple: D:4-7

Altars:

Shops:
D:2 *


Innate Abilities, Weirdness & Mutations

You are immune to sickness and miasma.
Your stone body is resilient. (AC +4)
You are immune to poison.
You resist negative energy. (rN+)
You are resistant to electric shocks. (rElec)
You are resistant to unholy torment.
You are immune to petrification.


Message History

You are too confused!
You are too confused!
You are too confused!
You are too confused!
You are too confused!
Something hits you but does no damage.
Unknown command.
You're too confused to move!
The orc closely misses you. Something hits you but does no damage.
Unknown command.
You slash something!
Reactivating autopickup.
You feel a bit more experienced.
You barely miss the orc. The orc hits you but does no damage.
The orc wizard casts a spell.
The orc wizard flickers and vanishes!
Deactivating autopickup; reactivate with Ctrl-A.
An ogre breaks down the door.
Unknown command.
You feel less confused. Something hits you. The orc hits you with a +0 whip.
You closely miss the orc. You barely miss something.
Something hits you but does no damage. The orc hits you but does no damage.
You barely miss the orc. You hit the ogre but do no damage. You hit something.
The orc closely misses you. Something hits you.
The ogre hits you with a +0 giant club!
You hit the orc.
The orc is heavily wounded.
You barely miss the ogre. You miss something. The orc barely misses you.
Something hits you but does no damage. The ogre closely misses you.
Something hits you but does no damage. The orc hits you with a +0 whip.
You slash the orc!
You kill the orc!
You hit the ogre. You hit something.
You hear some strange, mumbled words.
A puff of flame appears from out of thin air!
The puff of flame hits you but does no damage.
The ogre hits you with a +0 giant club!!
Ouch! That really hurt!
You die...

....
#######+######....
..................
..................
..................
........@)........
........O{).......
#+#####............
#.....###'##'##...<
#.............# . .
#.............#
#.....##......#
#.....##..##..#....#
#.....##..##..#....#


You could see an ogre.

Vanquished Creatures
  A water moccasin (Sewer)
  A phantom (D:5)
  A hound (D:6)
  An orc wizard (D:5)
  2 adders
  3 worms
  2 dart slugs (D:1)
  2 orcs
  7 ball pythons
  7 bats
  4 endoplasms
  3 giant cockroaches
  6 goblins
  5 hobgoblins
  2 jackals (D:2)
  3 kobolds
  5 quokkas
  5 frilled lizards
  4 rats
64 creatures vanquished.

Vanquished Creatures (others)
  A plant (D:3)
1 creature vanquished.

Grand Total: 65 creatures vanquished

Notes
Turn   | Place    | Note
-------+----------+-------------------------------------------
     0 | D:1      | bande the Gargoyle Fighter began the quest for the Orb.
     0 | D:1      | Reached XP level 1. HP: 14/14 MP: 1/1
   102 | D:1      | Found a faded altar of an unknown god.
   214 | D:1      | Reached XP level 2. HP: 19/19 MP: 2/2
   536 | D:1      | Reached XP level 3. HP: 23/23 MP: 3/3
  1004 | D:2      | Reached XP level 4. HP: 20/28 MP: 4/4
  1535 | D:2      | Found Wumikhuwk's Assorted Antiques.
  1622 | D:3      | Found a glowing drain.
  1641 | Sewer    | Entered a sewer
  1662 | Sewer    | Noticed a water moccasin
  1668 | Sewer    | Killed a water moccasin
  1669 | Sewer    | Reached XP level 5. HP: 29/33 MP: 5/5
  2041 | D:3      | You are sucked into a shaft and drop 3 floors!
  2069 | D:5      | Entered Level 5 of the Dungeon
  2109 | D:5      | Noticed a phantom
  2126 | D:5      | Killed a phantom
  2127 | D:5      | Reached skill level 1 in Evocations
  2127 | D:5      | Reached XP level 6. HP: 29/38 MP: 6/6
  2184 | D:5      | Slain by an ogre

Illustrated notes

Levels and vault maps discovered:
D:1:      minmay_arrival_widening_spiral_wide, layout_basic,
          basic_ecumenical_altar
D:2:      layout_loops_cross, serial_shops, nicolae_shop_trees
D:3:      layout_loops_ring, mainiacjoe_overflow_large_starburst,
          cheibrodos_sewer_entry_drain, chequers_decorated_corner,
          chequers_big_river, uniq_robin
D:5:      layout_gridville, nicolae_zen_rock_garden
D:6:      nicolae_BIG_FREAKIN_CUBE, layout_rooms, slow_altar_2,
          nzn_wu_jian_council_hall, serial_shops, shop_coins,
          chequers_serial_rivers_marsh, minmay_chambers_of_fives, uniq_maggie,
          uniq_grinder

Skill      XL: |  1  2  3  4  5 |
---------------+----------------+-----
Axes           | 2 3 4 |  4.3
Shields        | 4 |  4.2
Armour         | 4 |  4.3
Fighting       | 4 |  4.1
Evocations     | 1 |  1.1

Action                     |  1- 3 |  4- 6 || total
---------------------------+-------+-------++-------
  Melee: War axe           |   105 |    90 ||   195
    Use: Scroll            |     6 |     4 ||    10
 Armour: Scale mail        |    75 |    58 ||   133
  Dodge: Dodged            |    51 |    47 ||    98
  Block: Buckler           |    21 |    16 ||    37

Table legend: (Time is in decaauts)
 A = Elapsed time spent in this place.
 B = Non-inter-level travel time spent in this place.
 C = Inter-level travel time spent in this place.
 D = Time resting spent in this place.
 E = Time spent auto-exploring this place.
 F = Levels seen in this place.
 G = Mean time per level.
                   A        B        C        D        E       F      G
               +--------+--------+--------+--------+--------+-----+--------+
         Total |   2269 |   2187 |     82 |      8 |   1605 |   6 |  378.2 |
       Dungeon |   2160 |   2078 |     82 |      8 |   1548 |   5 |  432.0 |
         Sewer |    109 |    109 |      0 |      0 |     57 |   1 |  109.0 |
               +--------+--------+--------+--------+--------+-----+--------+

Top non-repeatable levels by time:
     D:1: 873 daAuts
     D:2: 765 daAuts
     D:3: 369 daAuts
     D:5: 121 daAuts
   Sewer: 109 daAuts
     D:6: 30 daAuts
